 Dungeon Crawl Stone Soup version 0.30-a0-591-g3c58d2bc28 (webtiles) character file.

Game seed: 10062720786774962114

39 kae the Insei (level 3, 0/26 HPs)
             Began as a Demonspawn Transmuter on Jan 5, 2023.
             Slain by a worm (10 damage)
             ... on level 2 of the Dungeon.
             The game lasted 00:01:07 (894 turns).

kae the Insei (Demonspawn Transmuter)                Turns: 894, Time: 00:01:08

Health: 0/26       AC:  2    Str: 10    XL:     3   Next: 26%
Magic:  0/6        EV: 12    Int: 16    God:
Gold:   51         SH:  0    Dex: 10    Spells: 0/6 levels left

rFire   . . .      SeeInvis .      - Unarmed
rCold   . . .      Faith    .    (no shield)
rNeg    + . .      Spirit   .    a - +0 robe
rPois   +          Reflect  .    (no helmet)
rElec   .          Harm     .    (no cloak)
rCorr   +          Rampage  .    (no gloves)
Will    +....                    (no boots)
Stlth   +                        (no amulet)
HPRegen 0.24/turn                f - ring "Aceb" {rPois rN+ Will+ rCorr Dex-3}
MPRegen 0.10/turn                (no ring)

@: very slightly contaminated
A: spiny 1
a: no special abilities


You were on level 2 of the Dungeon.
You visited 1 branch of the dungeon, and saw 2 of its levels.

You collected 51 gold pieces.


Innate Abilities, Weirdness & Mutations

You are partially covered in sharp spines.


   Skills:
 - Level 1.0 Fighting
 - Level 1.7 Dodging
 + Level 3.0 Unarmed Combat
 + Level 2.3 Spellcasting
 * Level 2.6 Transmutations
 * Level 0.3 Poison Magic


You couldn't memorise any spells.
You knew the following spells:

 Your Spells              Type           Power      Damage    Failure   Level
a - Beastly Appendage     Tmut           20%        N/A       7%          1
b - Wereblood             Tmut           10%        N/A       10%         2
c - Spider Form           Tmut/Pois      6%         N/A       32%         3

Your spell library contained the following spells:

 Spells                   Type           Power      Damage    Failure   Level
 Sting                    Tmut/Pois      24%        1d4       11%         1
 Poisonous Vapours        Pois/Air       4%         N/A       28%         2
 Sublimation of Blood     Necr           1%         N/A       30%         2
 Ice Form                 Ice/Tmut       6%         N/A       75%         4
 Olgreb's Toxic Radiance  Pois           2%         N/A       87%         4
 Summon Hydra             Summ           0%         N/A       100%        7

Inventory:

Missiles
 e - 2 stones
Armour
 a - a +0 robe (worn)
Jewellery
 f - the ring "Aceb" (left hand) {rPois rN+ Will+ rCorr Dex-3}
   (You acquired it on level 1 of the Dungeon)

   [ring of willpower]

   Dex:       It affects your dexterity (-3).
   rPois:     It protects you from poison.
   rN:        It protects you from negative energy.
   rCorr:     It protects you from acid and corrosion.
   Will:      It increases your willpower.
Scrolls
 c - 3 scrolls of identify {@r1}
 d - a scroll of fog
 g - a scroll of vulnerability {!r!r}
 i - a scroll of noise {!r}
Potions
 b - 4 potions of lignification {!q}
 h - 2 potions of haste {@q3}
 j - a potion of brilliance {unknown}

Dungeon Overview and Level Annotations

Branches:
Dungeon (2/15) Zot: 11108

Altars:

#.................
#.........)..###..
#............#
#............#
#..).........#
#..).........#
#............#
#.>..........#####
##.#######..@....#
######'##
#..w....#
........#
#.......#
........#
#.......#
........#
#.......#
........#
#.......#
....[...#
#.......#
........#
#.......# #...#
......†.# #...#


You could see a worm.


Message History

You kill the adder! 😕 MP[-1]
You lost 1 mp, and now have 5/6 mp.
No target in view!
No target in view!
Your transformation is almost over.
You see here a +0 leather armour.
Your horns disappear.
Your talons disappear.
You now have 51 gold pieces (gained 12).
Key pressed, stopping explore.
You pick up a Young Poisoner's Handbook and begin reading...
You add the spells Sting, Poisonous Vapours and Olgreb's Toxic Radiance to your library. 😎 HP[+3] MP[+1]
Your hp is fully restored (26).
Your mp is fully restored (6).
You see here a bat corpse.
A goblin comes into view. It is wielding a +0 club.
The goblin shouts!
A goblin is nearby!
A goblin is nearby!
A goblin is nearby!
Casting: Beastly Appendage (safe; 7% risk of failure)
Confirm with . or Enter, or press ? or * to list all spells.
You grow a pair of large bovine horns.
Your feet morph into talons. 😎 MP[-1]
You lost 1 mp, and now have 5/6 mp.
Your transformation is almost over.
The goblin is struck by your spines.
You kill the goblin!
Your horns disappear.
Your talons disappear.
e - 2 stones (gained 1) Key pressed, stopping explore.
No target in view!
No target in view! 😎 MP[+1]
Your mp is fully restored (6).
Found a stone staircase leading up.
You see here a +0 pair of boots.
No target in view!
No target in view!
h - 2 potions of haste {@q3} (gained 1) Key pressed, stopping explore.
No target in view!
No target in view!
You open the door.
Found a stone staircase leading down.
There is an open door here.
There is a stone staircase leading down here.
You pick up a book of Blood and begin reading...
You add the spells Sublimation of Blood and Summon Hydra to your library.
b - 4 potions of lignification {!q} (gained 1)
You see here a +0 dagger.
c - 3 scrolls of identify {@r1} (gained 1)
A worm comes into view.
A worm is nearby!
A worm is nearby!
A worm is nearby!
Casting: Beastly Appendage (safe; 7% risk of failure)
Confirm with . or Enter, or press ? or * to list all spells.
The spell is extremely dangerous to miscast (32% risk of failure)!
Continue anyway? [Y]es or [N]o only, please.
The spell is extremely dangerous to miscast (32% risk of failure)!
Continue anyway?
You miscast Spider Form.
You are very lightly contaminated with residual magic.
Nothing appears to happen. 😎 MP[-3]
You lost 3 mp, and now have 3/6 mp.
Casting: Spider Form (extremely dangerous; 32% risk of failure)
Confirm with . or Enter, or press ? or * to list all spells.
The spell is extremely dangerous to miscast (32% risk of failure)!
Continue anyway? [Y]es or [N]o only, please.
The spell is extremely dangerous to miscast (32% risk of failure)!
Continue anyway?
You miscast Spider Form.
Nothing appears to happen. 😎 MP[-3]
You lost 3 mp, and now have 0/6 mp.
Casting: Spider Form (extremely dangerous; 32% risk of failure)
Confirm with . or Enter, or press ? or * to list all spells.
You don't have enough magic to cast this spell.
Unknown command.
You hit the worm. You hit the worm but do no damage.
The worm bites you! 😮 HP[-9]
You take 9 damage, and now have 17/26 hp.
MASSIVE DAMAGE!! (PAUSE)
You hit the worm. The worm is struck by your spines. The worm bites you.
* * * LOW HITPOINT WARNING * * *
😨 HP[-6]
You take 6 damage, and now have 11/26 hp.
MASSIVE DAMAGE!! (PAUSE)
You hit the worm. You hit the worm but do no damage.
The worm is struck by your spines. The worm bites you.
* * * LOW HITPOINT WARNING * * *
😨 HP[-1]
You take 1 damage, and now have 10/26 hp.
Unknown command.
You hit the worm but do no damage. You hit the worm but do no damage.
The worm is struck by your spines. The worm bites you!
You die...

Skill      XL: |  1  2 |
---------------+-------+-----
Transmutations | 2 |  2.6
Unarmed Combat | 3 |  3.0
Fighting       | |  1.0
Dodging        | |  1.7
Spellcasting   | |  2.3
Poison Magic   | |  0.3

Action                   || total
-------------------------++-------
Melee: Unarmed           ||    52
       Kick              ||     5
       Headbutt          ||     5
 Cast: Beastly Appendage ||    17
  Use: Scroll            ||     5
Armor: Robe              ||     6
Dodge: Dodged            ||    25

Levels and vault maps discovered:
D:1:      psy_arrival_heroes, layout_rooms, dreamdust_ecumenical_altar_grove
D:2:      layout_basic

Notes
Turn   | Place    | Note
-------+----------+-------------------------------------------
     0 | D:1      | kae the Demonspawn Transmuter began the quest for the Orb.
     0 | D:1      | Reached XP level 1. HP: 15/15 MP: 3/3
     0 | D:1      | magus.rc [v1.11.3]
    38 | D:1      | Reached skill level 2 in Transmutations
    57 | D:1      | Gained mutation: You are partially covered in sharp spines.
                  | [demonic ancestry]
    57 | D:1      | Reached XP level 2. HP: 13/21 MP: 5/5
   277 | D:1      | Found a faded altar of an unknown god.
   407 | D:1      | Reached skill level 3 in Unarmed Combat
   570 | D:1      | Identified a scroll of acquirement
   570 | D:1      | Acquired the ring "Aceb" {rPois rN+ Will+ rCorr Dex-3}
   676 | D:2      | Reached XP level 3. HP: 17/26 MP: 6/6
   679 | D:2      | Learned a level 2 spell: Wereblood
   683 | D:2      | Learned a level 3 spell: Spider Form
   732 | D:2      | You add the spells Sting, Poisonous Vapours and Olgreb's
                  | Toxic Radiance to your library.
   866 | D:2      | You pick up a book of Blood and begin reading...
   866 | D:2      | You add the spells Sublimation of Blood and Summon Hydra to
                  | your library.
   894 | D:2      | Slain by a worm

Vanquished Creatures
  An adder (D:2)
  4 endoplasms (D:1)
  3 giant cockroaches (D:1)
  5 goblins
  3 hobgoblins
  A ball python (D:1)
  3 bats
  5 frilled lizards
  2 kobolds (D:1)
  2 rats (D:1)
29 creatures vanquished.

Vanquished Creatures (others)
  2 fungi (D:1)
  3 plants (D:1)
5 creatures vanquished.

Grand Total: 34 creatures vanquished

Table legend:
 A = Non-vault XP
 B = Vault XP
 C = Vault XP percentage of total XP
 D = Non-vault monster count
 E = Vault monster count
 F = Vault count percentage of total count
                 A         B        C        D         E       F
            +---------+---------+-------+---------+---------+-------
      Total |      56 |       0 |   0.0 |      29 |       0 |   0.0
            +---------+---------+-------+---------+---------+-------
        D:1 |      36 |       0 |   0.0 |      23 |       0 |   0.0
        D:2 |      20 |       0 |   0.0 |       6 |       0 |   0.0
            +---------+---------+-------+---------+---------+-------

Illustrated notes

Table legend:
 A = Kills in this place as a percentage of kills in entire the game.
 B = Kills by you in this place as a percentage of kills by you in the entire game.
 C = Kills by friends in this place as a percentage of kills by friends in the entire game.
 D = Other kills in this place as a percentage of other kills in the entire game.
 E = Experience gained in this place as a percentage of experience gained in the entire game.
 F = Experience gained in this place divided by the number of levels of this place that you have seen.
                   A       B       C       D       E      F
               +-------+-------+-------+-------+-------+----------------------
         Total | 100.0 | 100.0 |   N/A |   N/A | 100.0 |  28.0
       Dungeon | 100.0 | 100.0 |   N/A |   N/A | 100.0 |  28.0
               +-------+-------+-------+-------+-------+----------------------

Table legend: (Time is in decaauts)
 A = Elapsed time spent in this place.
 B = Non-inter-level travel time spent in this place.
 C = Inter-level travel time spent in this place.
 D = Time resting spent in this place.
 E = Time spent auto-exploring this place.
 F = Levels seen in this place.
 G = Mean time per level.
                   A        B        C        D        E       F      G
               +--------+--------+--------+--------+--------+-----+--------+
         Total |    890 |    851 |     39 |      0 |    668 |   2 |  445.0 |
       Dungeon |    890 |    851 |     39 |      0 |    668 |   2 |  445.0 |
               +--------+--------+--------+--------+--------+-----+--------+

Top non-repeatable levels by time:
     D:1: 613 daAuts
     D:2: 276 daAuts
